Map: New Repugnancy LE

Players

Vurtne - Winner!

  • Race: Zerg Zerg
  • League: Master
  • Spawn Location: 1:00

Mez

  • Race: Terran Terran
  • League: Master
  • Spawn Location: 7:00

VOD

Have the link to the VOD?

Description

Time

  • Played on: July 29, 2019, 12:10 a.m.
  • Length: 26:31
Show
View Real Time Build Order
Export as new Build Order

Vurtne Zerg - Winner!

Build Orders: Hatch First 

Get SALT Encoding   

  12  0:02  Drone  
  13  0:12  Overlord  
  13  0:17  Drone  
  14  0:30  Drone  
  14  0:31  Drone  
  16  0:49  Hatchery  
  15  0:53  Drone  
  15  0:56  Drone  
  17  0:59  Drone  
  18  1:10  Extractor  
  17  1:15  Spawning Pool  
  17  1:18  Drone  
  17  1:21  Drone  
  18  1:28  Drone  
  19  1:39  Drone  
  20  1:50  Drone  
  21  2:02  Queen x2  
  21  2:03  Zergling x4  
  27  2:17  Hatchery  
  27  2:22  Overlord  
  26  2:26  Drone  
  27  2:34  Metabolic Boost  
  27  2:40  Queen  
  29  2:49  Drone  
  29  2:50  Drone x3  
  33  2:55  Overlord  
  33  3:04  Drone x2  
  35  3:14  Drone x3  
  37  3:20  Queen  
  37  3:27  Drone x4  
  41  3:30  Queen  
  45  3:38  Baneling Nest  
  44  3:46  Drone x2  
  44  3:47  Drone  
  47  3:49  Drone x3  
  47  3:51  Overlord  
  50  4:08  Queen  
  51  4:11  Drone x6  
  51  4:13  Overlord  
  51  4:14  Overlord  
  57  4:20  Overlord  
  57  4:30  Queen  
  59  4:39  Zergling x2  
  59  4:40  Zergling x16  
  68  4:49  Drone x3  
  68  4:50  Drone  
  56  5:08  Drone x7  
  56  5:09  Drone x3  
  60  5:19  Drone x2  
  60  5:20  Lair  
  59  5:21  Drone  
  59  5:39  Drone  
  59  5:40  Drone  
  59  5:41  Evolution Chamber x2  
  59  5:44  Drone  
  59  5:45  Drone x6  
  66  5:51  Zergling x2  
  66  5:57  Zergling x4  
  69  6:02  Hatchery  
  68  6:08  Zerg Ground Armor Level 1, Zerg Melee Weapons Level 1  
  68  6:10  Baneling x2  
  68  6:11  Zergling x4, Hatchery  
  68  6:12  Zergling x12  
  75  6:19  Overlord  
  75  6:25  Baneling x3  
  75  6:33  Drone  
  75  6:34  Drone x5  
  75  6:36  Extractor  
  75  6:37  Extractor  
  79  6:45  Zergling x16  
  86  6:54  Extractor  
  85  6:55  Extractor  
  85  6:58  Zergling x8  
  85  6:59  Zergling x2  
  85  7:01  Baneling x2  
  75  7:09  Zergling x14  
  82  7:22  Drone x2  
  84  7:24  Drone x3  
  84  7:25  Drone x3  
  84  7:26  Drone x2  
  84  7:29  Baneling x4  
  92  7:30  Baneling x4  
  92  7:38  Drone x4  
  92  7:39  Overlord x5  
  96  7:45  Extractor  
  96  7:47  Drone  
  96  7:48  Drone x2  
  98  7:51  Centrifical Hooks  
  98  8:03  Zergling x14  
  98  8:04  Zergling x16, Zerg Ground Armor Level 2  
  113  8:11  Drone x4  
  113  8:35  Drone  
  113  8:36  Drone x9  
  113  8:39  Spore Crawler  
  117  8:46  Zergling x28  
  117  8:47  Zergling x8  
  133  8:55  Queen  
  132  8:56  Queen  
  119  9:22  Drone  
  119  9:23  Spore Crawler  
  116  9:31  Zergling x30  
  128  9:43  Queen x3  
  128  9:48  Baneling x5  
  128  9:54  Spore Crawler  
  128  9:57  Zergling x2  
  128  9:58  Zergling x26  
  141  10:00  Baneling  
  141  10:01  Overlord x3, Baneling x5  
  141  10:02  Overlord  
  141  10:04  Zerg Melee Weapons Level 2  
  141  10:05  Spire  
  141  10:06  Spore Crawler x2  
  138  10:15  Baneling  
  138  10:16  Baneling x4  
  137  10:29  Zergling x6  
  137  10:30  Zergling x36  
  144  10:52  Baneling x10  
  144  10:53  Baneling x10  
  104  11:16  Zergling x32  
  104  11:17  Zergling x30  
  114  11:26  Drone  
  114  11:27  Drone x4  
  117  11:38  Baneling x4  
  117  11:39  Baneling x8, Mutalisk x4  
  117  11:40  Mutalisk x10  
  117  11:44  Baneling  
  117  11:45  Baneling x3  
  117  11:46  Mutalisk  
  145  11:49  Drone x3  
  148  12:05  Zergling x6  
  148  12:06  Zergling x8  
  155  12:13  Hatchery  
  152  12:24  Baneling x5  
  124  12:45  Zergling x10  
  124  12:46  Zergling x46  
  144  13:06  Infestation Pit  
  144  13:09  Zergling x12  
  144  13:10  Zergling x22  
  157  13:13  Overlord x4  
  157  13:15  Baneling  
  157  13:16  Baneling x13  
  152  13:33  Zergling x6  
  152  13:34  Zergling x24  
  127  13:58  Mutalisk  
  124  14:05  Mutalisk x11  
  144  14:12  Zergling x2  
  144  14:13  Zergling x20  
  147  14:18  Hive  
  147  14:20  Overseer x2  
  147  14:22  Pneumatized Carapace  
  147  14:26  Baneling x5  
  147  14:27  Baneling x7  
  147  14:35  Drone  
  147  14:36  Drone x9  
  153  14:52  Hatchery  
  153  14:59  Hydralisk Den  
  151  15:09  Zergling x2  
  151  15:10  Zergling x36  
  170  15:23  Zergling x2  
  170  15:24  Zergling x20  
  177  15:42  Overseer x2  
  177  15:49  Baneling  
  177  15:50  Baneling x3  
  177  15:53  Baneling  
  177  15:54  Baneling x8  
  164  16:05  Baneling x8  
  164  16:06  Baneling x14  
  144  16:22  Zergling x2  
  144  16:23  Zergling x46  
  165  16:26  Overlord  
  165  16:41  Zergling x2  
  165  16:42  Zergling x20  
  169  16:53  Baneling x6  
  169  16:54  Baneling x6  
  148  17:13  Zergling x12  
  148  17:14  Zergling x42  
  164  17:25  Baneling  
  164  17:26  Baneling x16  
  163  17:38  Ultralisk Cavern  
  163  17:43  Zerg Ground Armor Level 3  
  163  17:44  Zerg Melee Weapons Level 3, Adrenal Glands  
  162  17:54  Zergling x2  
  162  17:55  Zergling x50  
  188  18:02  Drone x4  
  191  18:23  Baneling x5  
  191  18:24  Baneling x10  
  191  18:28  Baneling x7  
  191  18:29  Baneling x14  
  191  18:34  Hydralisk x4  
  185  19:09  Zergling x2  
  162  19:10  Zergling x52  
  184  19:19  Hydralisk x2  
  168  19:34  Baneling  
  168  19:35  Hydralisk, Baneling x14  
  168  19:36  Hydralisk x10  
  188  19:48  Overseer  
  188  19:49  Overseer  
  184  19:59  Zergling x2  
  175  20:00  Zergling x40  
  193  20:14  Baneling x13  
  192  20:15  Zergling x2, Baneling  
  192  20:16  Zergling x12  
  192  20:19  Extractor  
  192  20:20  Spore Crawler, Extractor  
  162  20:35  Zergling x2  
  162  20:36  Zergling x30  
  162  20:37  Zergling x12  
  159  20:45  Zergling x2  
  159  20:46  Zergling x14  
  165  20:52  Zergling x2  
  165  20:53  Zergling x6  
  169  21:06  Baneling x7  
  169  21:07  Baneling x18  
  169  21:10  Zergling x2  
  174  21:11  Zergling x26  
  174  21:12  Hatchery  
  174  21:17  Chitinous Plating  
  182  21:19  Hatchery  
  182  21:21  Zerg Missile Weapons Level 1  
  160  21:36  Zergling x2  
  160  21:37  Zergling x36  
  169  21:45  Baneling x3  
  169  21:46  Baneling x5  
  146  22:01  Muscular Augments  
  146  22:03  Baneling  
  146  22:04  Baneling  
  146  22:06  Zergling x2  
  146  22:07  Zergling x36  
  146  22:08  Zergling x6  
  168  22:16  Extractor  
  168  22:17  Extractor  
  166  22:27  Drone  
  166  22:28  Drone x14  
  181  22:30  Drone  
  181  22:33  Spore Crawler  
  181  22:35  Baneling x4  
  181  22:36  Anabolic Synthesis  
  181  22:45  Zergling x18  
  181  22:47  Overlord x2  
  189  23:11  Zergling x2  
  189  23:12  Zergling x18  
  193  23:27  Baneling  
  193  23:28  Baneling x8  
  193  23:29  Zergling x2  
  193  23:30  Zergling x12  
  190  23:45  Extractor  
  190  23:46  Drone x2  
  190  23:47  Drone  
  185  23:51  Burrow  
  185  23:55  Extractor x2  
  170  23:56  Zergling x2  
  170  23:57  Zergling x34  
  170  23:58  Zergling x38  
  182  24:20  Ultralisk  
  188  24:25  Baneling x4  
  180  24:34  Zergling x2  
  180  24:35  Zergling x48  
  180  24:36  Zergling x4  
  197  24:38  Baneling  
  197  24:39  Baneling x3  
  177  24:55  Baneling  
  177  24:56  Baneling x5  
  177  24:58  Zergling x2  
  177  24:59  Zergling x36  
  193  25:00  Zergling x16  
  179  25:16  Baneling  
  179  25:17  Baneling x6  
  179  25:21  Zergling x24  
  180  25:22  Zergling x12  
  197  25:45  Overlord x2  
  197  25:48  Baneling  
  197  25:49  Baneling x13  
  197  25:52  Baneling x2  
Show
View Real Time Build Order
Export as new Build Order

Mez Terran 

Build Orders: Reaper Expand 

Get SALT Encoding   

  12  0:01  SCV  
  13  0:13  SCV  
  14  0:17  Supply Depot  
  14  0:25  SCV  
  15  0:39  SCV, Barracks  
  16  0:44  Refinery  
  16  0:51  SCV  
  17  1:03  SCV  
  18  1:15  SCV  
  19  1:28  Reaper, Orbital Command  
  20  1:43  Command Center  
  21  1:54  SCV  
  21  1:57  Barracks  
  21  2:02  Barracks Reactor  
  21  2:10  Barracks  
  21  2:13  SCV  
  22  2:21  Supply Depot  
  22  2:25  SCV  
  23  2:42  Marine x2  
  23  2:43  SCV  
  26  2:47  Barracks Tech Lab  
  26  2:55  SCV  
  26  2:57  Orbital Command  
  27  3:01  Marine  
  27  3:04  Marine x2  
  30  3:06  Combat Shield  
  30  3:07  Marine  
  31  3:18  SCV, Marine  
  32  3:22  Marine  
  33  3:27  Marine x2  
  33  3:30  SCV x2  
  37  3:34  Supply Depot  
  37  3:42  SCV x2  
  37  3:43  Marine x2  
  37  3:45  Engineering Bay  
  37  3:47  Marine  
  42  3:48  Marine  
  42  3:54  SCV  
  42  3:55  SCV  
  45  3:57  Supply Depot  
  45  4:03  Marine x2  
  45  4:05  Marine  
  45  4:06  SCV, Marine  
  45  4:07  SCV  
  51  4:15  Supply Depot  
  51  4:25  Marine x2  
  51  4:26  SCV, Marine x2  
  51  4:27  Terran Infantry Weapons Level 1  
  51  4:29  Stimpack, SCV  
  57  4:38  SCV  
  57  4:41  SCV  
  59  4:45  Marine x2  
  59  4:46  Marine x2  
  59  4:47  Command Center  
  59  4:51  SCV  
  56  5:21  Marine x4  
  53  5:25  Refinery x2  
  53  5:26  Factory, SCV x2  
  55  5:29  Barracks x2  
  55  5:36  Supply Depot  
  55  5:38  SCV x2, Supply Depot  
  55  5:40  Barracks Reactor  
  55  5:41  Marine x2  
  55  5:42  Marine  
  60  5:50  SCV x2  
  62  5:59  Marine x2  
  62  6:00  Orbital Command  
  62  6:02  SCV  
  62  6:03  SCV, Supply Depot  
  66  6:05  Marine, Supply Depot  
  67  6:15  SCV x2  
  67  6:17  Barracks Reactor x2, Marine x2  
  71  6:18  Factory Reactor  
  71  6:19  Orbital Command  
  71  6:20  Starport  
  71  6:21  Marine x2  
  71  6:23  Marine  
  74  6:27  SCV x2, Terran Infantry Armor Level 1  
  76  6:35  Marine  
  76  6:39  SCV, Marine x3, Supply Depot  
  81  6:41  SCV, Supply Depot  
  81  6:45  SCV  
  81  6:46  Command Center  
  83  6:49  Marine  
  83  6:51  SCV  
  83  6:53  Marine  
  83  6:54  SCV  
  87  6:56  Marine  
  87  6:57  SCV  
  77  7:17  Marine x2  
  77  7:18  SCV x3, Marine x2  
  77  7:19  Marine x5  
  77  7:20  Medivac x2  
  93  7:25  Armory  
  93  7:26  Engineering Bay  
  93  7:30  SCV x3, Supply Depot  
  93  7:32  Supply Depot  
  93  7:35  Marine x2  
  93  7:36  Marine  
  99  7:38  Barracks  
  99  7:40  Barracks  
  99  7:41  Barracks  
  99  7:43  Bunker  
  99  7:48  SCV x3, Supply Depot  
  99  7:49  Supply Depot  
  102  7:56  Marine, Medivac x2  
  102  7:57  Marine x4  
  111  8:10  Marine  
  111  8:11  Marine x3  
  111  8:12  Refinery  
  115  8:14  Refinery, Marine  
  115  8:18  Supply Depot  
  116  8:20  Supply Depot x2  
  116  8:31  Marine  
  116  8:32  Marine x11  
  116  8:33  Medivac x2  
  124  8:49  Marine x3  
  124  8:54  Marine x9  
  136  8:56  SCV x3  
  136  9:00  Planetary Fortress  
  138  9:03  Factory, Medivac  
  138  9:04  Factory Reactor  
  138  9:07  Marine  
  138  9:09  Marine x2  
  141  9:12  Marine x5  
  141  9:18  Marine  
  138  9:26  Marine x4  
  138  9:27  Marine x2  
  138  9:28  Medivac  
  138  9:29  SCV x3, Marine  
  138  9:30  Marine x3  
  153  9:33  Medivac  
  155  9:41  SCV  
  156  9:47  SCV x3  
  156  9:49  Terran Infantry Weapons Level 2  
  156  9:51  Terran Infantry Armor Level 2  
  157  9:53  Marine, Terran Vehicle And Ship Armor Level 1, SCV  
  157  9:54  Marine x6  
  157  9:55  Supply Depot  
  165  10:02  Barracks Tech Lab x3  
  165  10:04  Barracks Reactor  
  165  10:06  Marine, Marauder  
  168  10:11  Marine x2  
  170  10:16  Command Center  
  170  10:18  Command Center  
  170  10:27  Marauder  
  172  10:30  Marine x4, Marauder x2  
  180  10:39  Marine x4  
  184  10:45  Marine  
  184  10:46  Marine  
  184  10:47  Marine  
  184  10:48  Marine x2  
  184  10:49  Marauder  
  171  10:51  Marauder  
  171  10:52  Marauder  
  171  10:57  Marine  
  168  10:59  Marine  
  168  11:00  Marine x3  
  168  11:03  Widow Mine x2, Marine, Factory Tech Lab  
  168  11:04  Marine  
  161  11:05  Marine  
  161  11:06  Marine  
  161  11:10  Marauder  
  144  11:11  Marine  
  144  11:13  Marauder x2  
  144  11:14  Marine  
  144  11:17  Marine x3  
  136  11:19  Marine  
  136  11:21  SCV x2, Marine x2  
  136  11:23  Marine x2  
  136  11:24  Medivac x2  
  136  11:25  Widow Mine  
  139  11:32  Marine, Marauder  
  136  11:34  Marine, Marauder  
  136  11:37  Marine  
  136  11:38  Marine  
  136  11:39  Marine x4  
  142  11:41  Marine x2  
  142  11:43  Widow Mine x2, Drilling Claws  
  142  11:46  Widow Mine  
  150  11:49  Orbital Command  
  150  11:50  Marine  
  150  11:52  Command Center, Refinery, Marine x2  
  150  11:54  Refinery, Medivac  
  155  11:55  Marine x2  
  155  11:56  Medivac  
  155  11:58  Marine x5  
  155  11:59  Marine  
  165  12:09  Marine x2  
  165  12:10  Marauder  
  165  12:11  Marauder  
  165  12:12  Missile Turret  
  165  12:13  Marine, Marauder  
  170  12:15  Marine  
  170  12:16  Marine x2  
  170  12:19  Widow Mine x3  
  175  12:25  Marine x2  
  175  12:26  Marine  
  178  12:31  Marauder  
  178  12:32  Marauder  
  160  12:40  Widow Mine, Marine x3  
  149  12:45  Widow Mine x2  
  153  12:55  Marine x7  
  138  13:00  SCV x4  
  138  13:02  Widow Mine  
  144  13:06  Widow Mine  
  144  13:11  Marine x5  
  144  13:12  SCV x4, Marine  
  151  13:13  Marine x3  
  144  13:30  Marine x5  
  144  13:31  Marauder  
  144  13:33  Marine x6  
  156  13:35  Widow Mine x3  
  147  13:45  Medivac x2  
  147  13:48  Marine x5  
  126  13:51  Marine x6  
  126  13:52  Marine  
  129  14:06  Marine x5  
  129  14:09  Marine x6  
  128  14:11  Marine  
  128  14:15  Medivac  
  128  14:16  Planetary Fortress  
  124  14:23  Marine  
  124  14:24  Refinery, Marine x4  
  125  14:26  Marine  
  125  14:27  Marine x3  
  133  14:41  SCV x5  
  133  14:42  Marauder  
  133  14:43  Widow Mine x3, Marauder x2  
  150  14:53  SCV x3  
  150  14:55  SCV x2  
  155  15:01  Planetary Fortress  
  155  15:04  Widow Mine  
  155  15:05  SCV x2  
  155  15:06  Marine x3, Marauder x2  
  155  15:07  Marine x6, Marauder  
  168  15:13  Missile Turret  
  169  15:17  SCV x2  
  169  15:18  SCV x2  
  169  15:20  Missile Turret  
  164  15:24  Marine x3  
  167  15:31  Marine x4  
  167  15:32  Marine x5  
  167  15:34  SCV x2  
  167  15:35  SCV  
  178  15:39  Missile Turret  
  178  15:42  Missile Turret, Marine x3  
  181  15:49  Marine x3, Medivac  
  134  15:50  Medivac  
  175  16:06  Marine x4, Marauder  
  180  16:16  Marine x7  
  149  16:19  Medivac x2  
  149  16:24  Marine x3  
  153  16:26  Widow Mine x3  
  153  16:28  Marine, Marauder  
  153  16:32  Terran Infantry Armor Level 3, Terran Infantry Weapons Level 3  
  162  16:34  Marine x3  
  165  16:43  Marine x5  
  170  16:49  Medivac x2  
  166  16:59  Marine x5  
  166  17:00  Marauder  
  149  17:12  Widow Mine x2  
  130  17:19  Medivac x2  
  114  17:34  Marine x7, Marauder x3  
  114  17:35  Barracks Tech Lab  
  114  17:36  Widow Mine x3  
  131  17:48  Marine  
  132  17:53  Missile Turret  
  132  17:55  Missile Turret, Marauder x2  
  132  17:57  Widow Mine x2  
  140  17:59  Marine x7, Marauder x2  
  140  18:04  Widow Mine, Medivac x2  
  157  18:05  Marine  
  158  18:16  Marine  
  158  18:17  Marine x2, Marauder  
  158  18:19  Widow Mine x2  
  166  18:21  Marauder x2  
  166  18:24  Marine x6  
  176  18:29  Concussive Shells  
  176  18:34  Marine, Marauder, Medivac x2  
  178  18:35  Marine  
  178  18:37  Marine  
  185  18:41  Marine x2  
  185  18:42  Marine  
  172  19:02  Marine  
  172  19:03  Marine x4  
  172  19:08  Medivac x2  
  155  19:10  Marine x7  
  156  19:20  Marine, Orbital Command  
  156  19:22  Marine x3  
  156  19:23  Marine  
  161  19:27  Marine  
  161  19:28  Marine, Marauder x2  
  148  19:31  SCV  
  148  19:32  SCV x3  
  148  19:38  Widow Mine x2, Medivac  
  155  19:43  SCV  
  155  19:44  SCV  
  154  19:48  Widow Mine  
  152  19:53  Marine  
  152  19:57  Marine x11  
  152  19:58  Liberator  
  156  20:02  Command Center  
  156  20:06  Command Center  
  147  20:10  Widow Mine x3  
  147  20:11  Marine  
  153  20:15  Marine x7  
  153  20:16  Marauder x4  
  155  20:29  Marine  
  155  20:31  Widow Mine x2  
  155  20:32  Marine  
  155  20:33  Marine x4  
  153  20:36  Marine  
  153  20:37  Marine, Marauder x4  
  136  20:45  Widow Mine  
  136  20:47  SCV x2, Marine  
  133  20:50  Marine  
  133  20:51  Marine x4  
  133  20:52  SCV x3  
  133  20:54  Marine x2  
  133  20:56  Liberator  
  143  20:57  Widow Mine  
  143  20:58  Widow Mine, Marine x4  
  143  21:00  Hi-Sec Auto Tracking  
  151  21:04  Marine  
  151  21:06  Widow Mine  
  151  21:07  Refinery  
  151  21:08  Refinery, Marine x5  
  151  21:10  Refinery  
  159  21:12  Marine x2  
  159  21:17  Marine x4  
  168  21:22  Marine  
  169  21:26  Marine x5  
  155  21:35  Marauder  
  155  21:36  Marauder  
  135  21:42  Medivac  
  135  21:43  Marine x4  
  124  21:57  Marine  
  124  21:58  Marine x7  
  124  22:01  Marine x4  
  130  22:08  Widow Mine  
  130  22:09  Widow Mine x2, Medivac  
  130  22:12  Medivac  
  130  22:15  Marine x5  
  138  22:20  Orbital Command  
  138  22:22  Liberator  
  143  22:27  Marine  
  143  22:28  Marine x6  
  152  22:30  Widow Mine x2  
  152  22:33  Marine x3  
  157  22:37  Sensor Tower  
  157  22:41  Widow Mine  
  164  22:51  Widow Mine  
  164  22:56  Liberator  
  164  23:11  Marine x9, Marauder x3  
  179  23:13  Widow Mine x3  
  179  23:17  Missile Turret  
  179  23:19  Refinery  
  164  23:28  Marine  
  164  23:29  Marine x6  
  164  23:32  Marine x3  
  166  23:46  Marine  
  166  23:47  Marine x2  
  162  23:56  Planetary Fortress  
  155  24:02  Barracks  
  155  24:03  Barracks  
  155  24:04  Barracks  
  155  24:05  Barracks  
  155  24:08  Barracks  
  155  24:10  Barracks  
  155  24:11  Barracks  
  146  24:19  Command Center  
  133  24:36  Widow Mine x3, Marine  
  133  24:37  Marine x7  
  124  24:54  Marine x6  
  124  24:55  Marine x2  
  101  25:12  Marine x8  
  96  25:15  Orbital Command  
  96  25:30  Marine x15  
  111  25:47  Marine x2, Starport  
  111  25:48  Marine x4  
  117  25:50  Marine x6  
  121  26:12  Marine x8, Barracks Tech Lab x6  
  121  26:13  Barracks Tech Lab  
Tags
 
Add a new tag
Caveats
  • Supply blocks, unpowered buildings, or Contaminate may cause inaccurate times.
  • Supply counts are checked every 10 seconds.